 Dungeon Crawl Stone Soup version 0.28.0-53-g5a82cb258f (webtiles) character file.

Game seed: 15530104357282408710

89 Peloso the Shield-Bearer (level 4, 0/40 HPs)
             Began as a Minotaur Fighter on May 31, 2022.
             Slain by a white imp (3 damage)
             ... summoned by Natasha
             ... on level 2 of the Dungeon.
             The game lasted 00:02:58 (1402 turns).

Peloso the Shield-Bearer (Minotaur Fighter)         Turns: 1402, Time: 00:02:59

Health: 0/40       AC:  7    Str: 21    XL:     4   Next: 31%
Magic:  3/3        EV:  9    Int:  5    God:
Gold:   72         SH:  6    Dex: 11    Spells: 3/3 levels left

rFire   . . .      SeeInvis .   a - +0 long sword
rCold   . . .      Faith    .   c - +1 buckler
rNeg    . . .      Spirit   .   b - +0 scale mail
rPois   .          Reflect  .   (helmet restricted)
rElec   .          Harm     .   (no cloak)
rCorr   .          Rampage  .   (no gloves)
Will    .....                   (no boots)
Stlth   ..........              (no amulet)
HPRegen 0.13/turn               (no ring)
MPRegen 0.08/turn               (no ring)

@: no status effects
A: horns 2, retaliatory headbutt
a: no special abilities


You were on level 2 of the Dungeon.
You visited 1 branch of the dungeon, and saw 2 of its levels.

You collected 72 gold pieces.

Inventory:

Hand Weapons
 a - a +0 long sword (weapon)
Armour
 b - a +0 scale mail (worn)
 c - a +1 buckler (worn)
Scrolls
 e - a scroll of identify
 h - a scroll of amnesia
 j - a scroll of vulnerability {unknown}
 m - a scroll of acquirement
Potions
 d - a potion of might
 f - a potion of curing
 g - a potion of degeneration {unknown}
 i - a potion of heal wounds {unknown}
 n - a potion of invisibility {unknown}


   Skills:
 + Level 4.3 Fighting
 + Level 3.1 Long Blades
 + Level 4.5 Armour
 + Level 0.3 Dodging
 + Level 4.5 Shields


You had 3 spell levels left.
You didn't know any spells.
Your spell library was empty.

Dungeon Overview and Level Annotations

Branches:
Dungeon (2/15)

Altars:

Shops:
D:1 (

Annotations:
D:2 Natasha


Innate Abilities, Weirdness & Mutations

You have a pair of horns on your head.
You reflexively headbutt those who attack you in melee.


Message History

Natasha wildly gestures.
Natasha glows brightly for a moment.
You block Natasha's attack. The white imp barely misses you.
Natasha barely misses you.
The white imp hits you but does no damage.
You barely miss Natasha. Natasha claws you but does no damage.
The white imp barely misses you. Natasha claws you.
You closely miss Natasha. Natasha claws you.
The white imp hits you but does no damage.
Natasha claws you.
You slash Natasha!
Natasha is heavily wounded.
You block the white imp's attack. Natasha claws you but does no damage.
The white imp closely misses you. Natasha claws you but does no damage.
You hit Natasha but do no damage.
Natasha is heavily wounded.
Natasha claws you. You block the white imp's attack. Natasha barely misses you.
You closely miss Natasha.
Natasha is heavily wounded.
Natasha stares at you and mumbles some strange words.
You resist with some effort.
The white imp hits you but does no damage.
You barely miss Natasha.
Natasha is heavily wounded.
Natasha barely misses you. The white imp hits you. The white imp freezes you.
Natasha claws you!
* * * LOW HITPOINT WARNING * * *
You barely miss Natasha.
Natasha is heavily wounded.
Natasha claws you but does no damage. You block the white imp's attack.
You block Natasha's attack. The white imp gestures at you.
The puff of frost hits you.
* * * LOW HITPOINT WARNING * * *
You miss Natasha.
Natasha is heavily wounded.
Natasha claws you but does no damage. x2; The white imp hits you.
* * * LOW HITPOINT WARNING * * *
The white imp freezes you.
You die...

########## #........#######
##### #.#####........#
#...####.#####..#####.#
#...........##..# ###.#####
#...####.##.##..###........
##.## #..@h...............
#.# ###5.........#.###.#
#.# #.###............. #.#
#.# #.####.#.#####
#.#######.# #.>......# #
##.##......# #.####.###
#...#.###### #. #.# ##..#.#
#. ... ##.#.### #...


You could see Natasha (fast) and a white imp (summoned).

Vanquished Creatures
  A hound (D:2)
  Natasha (D:2)
  An adder (D:2)
  2 dart slugs (D:2)
  2 bats (D:1)
  A giant cockroach (D:1)
  3 goblins
  3 hobgoblins
  3 kobolds
  A ball python (D:2)
  A frilled lizard (D:2)
  A rat (D:2)
20 creatures vanquished.

Notes
Turn   | Place    | Note
-------+----------+-------------------------------------------
     0 | D:1      | Peloso the Minotaur Fighter began the quest for the Orb.
     0 | D:1      | Reached XP level 1. HP: 19/19 MP: 0/0
   123 | D:1      | Found a faded altar of an unknown god.
   340 | D:1      | Found Naguxtut's Antique Weapon Boutique.
   412 | D:1      | Reached XP level 2. HP: 27/27 MP: 1/1
   492 | D:1      | Identified a scroll of acquirement
   717 | D:2      | Reached XP level 3. HP: 26/33 MP: 2/2
   966 | D:2      | Noticed Natasha
   974 | D:2      | Killed Natasha
   975 | D:2      | Reached XP level 4. HP: 11/40 MP: 3/3
  1391 | D:2      | Noticed Natasha
  1402 | D:2      | Slain by a white imp

Illustrated notes

Levels and vault maps discovered:
D:1:      pf_arrival_petrified_forest, layout_basic, serial_shops,
          nicolae_shop_stone, ebering_ecumenical_altar_hall
D:2:      layout_loops_ring, kennysheep_nondescript, uniq_natasha

Skill      XL: |  1  2  3 |
---------------+----------+-----
Shields        | 4 |  4.5
Fighting       | 4 |  4.3
Armour         | 4 |  4.5
Long Blades    | 3 |  3.1
Dodging        | |  0.3

Action                   |  1- 3 |  4- 6 || total
-------------------------+-------+-------++-------
Melee: Long sword        |    39 |    15 ||    54
       Headbutt          |     3 |     1 ||     4
  Use: Scroll            |     6 |       ||     6
Armor: Scale mail        |    20 |    11 ||    31
Dodge: Dodged            |    21 |     8 ||    29
Block: Buckler           |    13 |     6 ||    19
